 Dungeon Crawl Stone Soup version 0.20-a0-970-gcd8f41e (webtiles) character file.

4240 Murumi the Covert (level 10, 0/84 HPs)
             Began as a Naga Assassin on Apr 8, 2017.
             Was a Priest of Cheibriados.
             Slain by an orc warrior
             ... wielding a cursed +0 bardiche
              (1 damage)
             ... in a bailey.
             The game lasted 00:33:54 (7138 turns).

Murumi the Covert (Naga Assassin)                   Turns: 7138, Time: 00:33:54

Health: 0/84       AC:  5    Str: 18    XL:     10   Next: 30%
Magic:  12/12      EV: 14    Int: 21    God:    Cheibriados [***...]
Gold:   278        SH:  0    Dex: 31    Spells: 9/9 levels left

rFire    . . .     SeeInvis +   a - +3 dagger
rCold    . . .     Gourm    .   (no shield)
rNeg     . . .     Faith    .   J - +0 robe {MR+}
rPois    +         Spirit   .   (no helmet)
rElec    .         Reflect  .   d - +0 cloak
rCorr    .         Harm     .   (no gloves)
MR       +++..                  (no barding)
Stlth    ++++++++..             s - amulet of regeneration
Regen    0.7/turn               m - +4 ring of dexterity
MPRegen  0.2/turn               n - ring of stealth

@: very slow
A: see invisible, agile 2, clever 1, deformed body, low mp 1, magic resistance
1, poison resistance, slowness 2, slow metabolism 1, spit poison 2, weak 1, no
potion heal 1, MP-powered wands, AC +3
a: Breathe Poison Gas, Bend Time, Temporal Distortion, Renounce Religion


You were in a bailey.
You worshipped Cheibriados.
Cheibriados was most pleased with you.
You were not hungry.

You visited 1 branch of the dungeon, and saw 7 of its levels.
You also visited: Bailey.

You collected 278 gold pieces.

Inventory:

Hand Weapons
 a - a +3 dagger (weapon)
 b - a +0 blowgun
Missiles
 e - 25 poisoned needles
 f - 2 curare-tipped needles
 p - 50 stones (quivered)
 x - 10 javelins
 y - 2 needles of sleeping
Armour
 d - a +0 cloak (worn)
 J - a +0 robe of magic resistance (worn)
Jewellery
 m - a +4 ring of dexterity (left hand)
 n - a ring of stealth (right hand)
 s - an amulet of regeneration (around neck)
 v - an uncursed amulet of guardian spirit
 F - an uncursed ring of flight
Wands
 h - a wand of acid (15/15)
 I - a wand of lightning (9/15)
Scrolls
 i - 6 scrolls of remove curse
 l - 2 scrolls of amnesia
 r - 2 scrolls of teleportation
 u - a scroll of fear
 D - a scroll of enchant armour
 E - a scroll of recharging
Potions
 k - 2 potions of resistance
 q - 2 potions of brilliance
 t - 2 potions of might
 G - a potion of haste {unknown}
 H - a potion of agility {unknown}
Comestibles
 g - 3 bread rations
 o - 6 royal jellies
 w - 3 meat rations


   Skills:
 - Level 3.2 Fighting
 + Level 6.0 Short Blades
 - Level 5.0 Throwing
 - Level 4.2 Dodging
 - Level 14.2 Stealth
 - Level 5.2 Invocations
 - Level 4.0 Evocations


You had 9 spell levels left.
You didn't know any spells.

Dungeon Overview and Level Annotations

Branches:
Dungeon (7/15)             Temple (0/1) D:7

Altars:
Ashenzari
Cheibriados
Elyvilon
Gozag
Okawaru
Sif Muna
Zin
The Shining One


Innate Abilities, Weirdness & Mutations

You cannot wear boots.
Your serpentine skin is tough. (AC +3)
You have supernaturally acute eyesight. (SInv)
Armour fits poorly on your strangely shaped body.
Your system is resistant to poisons. (rPois)
You cover ground very slowly.
You have a slow metabolism.
You can exhale a cloud of poison.
You are very agile. (Dex +4)
Your mind is acute. (Int +2)
Your magical capacity is low. (-10% MP)
You are resistant to hostile enchantments. (MR+)
You are weak. (Str -2)
Potions are less effective at restoring your health.
You expend magic power (3 MP) to strengthen your wands.


Message History

* * * LOW HITPOINT WARNING * * *
The orc warrior closely misses you.
The orc warrior hits you from afar with a glaive!
* * * LOW HITPOINT WARNING * * *
There is an open door, spattered with blood here.
As you read the scroll of fear, it crumbles to dust.
You assume a fearsome visage.
The orc looks frightened! x2
The orc warrior looks frightened!
The orc looks frightened!
The orc begs for mercy.
You start resting.
You have got your breath back.
You start resting.
Your magical contamination has completely faded away.
You start resting.
Magic restored.
You start resting.
The orc warrior hits you with an enchanted bardiche!!
* * * LOW HITPOINT WARNING * * *
The orc warrior hits you with an enchanted bardiche.
You die...

### ############ ....
##.)......∩.## o....
######...).)......#
o..o..#)...#.).)........#
......).o..o...))......∩#
....).#..o.#@...........#
......######............#
..... ##........∩.##
##### ############


You could see an orc warrior and an orc.

Vanquished Creatures
  Joseph (D:7)
  Prince Ribbit (D:7)
  A hippogriff (D:7)
  A human (D:7)
  4 hogs (D:7)
  The ghost of Murumi the Covert, an amateur NaAs (D:4)
  A hungry ghost (D:7)
  An ice beast (D:4)
  5 orc warriors
  4 sky beasts
  6 ogres
  2 centaurs (D:6)
  2 bullfrogs
  A howler monkey (D:4)
  3 crimson imps
  A centaur zombie (D:5)
  A jelly (D:7)
  Crazy Yiuf (D:4)
  A hound (D:6)
  An orc priest (D:6)
  A bullfrog skeleton (D:4)
  2 iguanas
  3 orc wizards
  Natasha (D:2)
  3 worker ants
  4 gnolls (D:5)
  A howler monkey skeleton (D:6)
  8 adders
  4 worms
  2 dart slugs
  7 leopard geckos
  27 orcs
  3 giant cockroaches
  9 goblins
  9 hobgoblins
  4 jackals (D:1)
  6 kobolds
  4 quokkas
  A ball python (D:1)
  7 bats
  4 frilled lizards
  A leopard gecko skeleton (D:6)
  A quokka skeleton (D:6)
  12 rats
163 creatures vanquished.

Vanquished Creatures (others)
  An adder (D:5)
1 creature vanquished.

Grand Total: 164 creatures vanquished

Notes
Turn   | Place    | Note
-------+----------+-------------------------------------------
     0 | D:1      | Murumi the Naga Assassin began the quest for the Orb.
     0 | D:1      | Reached XP level 1. HP: 19/19 MP: 1/1
    83 | D:1      | Reached skill level 6 in Stealth
   120 | D:1      | Reached skill level 1 in Dodging
   327 | D:1      | Reached XP level 2. HP: 26/26 MP: 2/2
  1079 | D:1      | Reached skill level 7 in Stealth
  1079 | D:1      | Reached XP level 3. HP: 29/32 MP: 3/3
  1994 | D:2      | Found a glowing golden altar of the Shining One.
  2160 | D:2      | Reached skill level 8 in Stealth
  2160 | D:2      | Reached XP level 4. HP: 39/39 MP: 4/4
  2575 | D:2      | Noticed Natasha
  2579 | D:2      | Killed Natasha
  2579 | D:2      | Reached skill level 9 in Stealth
  2597 | D:2      | Reached XP level 5. HP: 45/45 MP: 5/5
  2644 | D:2      | Found a deep blue altar of Sif Muna.
  2644 | D:2      | Found an opulent altar of Gozag.
  3093 | D:3      | Found a snail-covered altar of Cheibriados.
  3104 | D:3      | Became a worshipper of Cheibriados the Contemplative
  4049 | D:4      | Noticed Murumi's ghost (amateur NaAs)
  4196 | D:4      | Noticed a sky beast
  4210 | D:4      | Killed a sky beast
  4210 | D:4      | Reached skill level 10 in Stealth
  4210 | D:4      | Reached XP level 6. HP: 41/52 MP: 6/6
  4213 | D:4      | Gained mutation: You are agile. (Dex +2) [mutagenic meat]
  4214 | D:4      | Gained mutation: You are very agile. (Dex +4) [mutagenic meat]
  4215 | D:4      | Gained mutation: Potions are less effective at restoring your health. [mutagenic meat]
  4247 | D:4      | Reached * piety under Cheibriados
  4286 | D:4      | Reached skill level 11 in Stealth
  4309 | D:4      | Killed Murumi's ghost
  4309 | D:4      | Reached XP level 7. HP: 57/60 MP: 7/7
  4380 | D:4      | Found a runed door.
  4384 | D:4      | Noticed Crazy Yiuf
  4406 | D:4      | Killed Crazy Yiuf
  4889 | D:5      | Entered Level 5 of the Dungeon
  5158 | D:5      | Reached skill level 1 in Invocations
  5318 | D:5      | Found a white marble altar of Elyvilon.
  5386 | D:5      | Reached skill level 1 in Evocations
  5467 | D:5      | Found a shattered altar of Ashenzari.
  5468 | D:5      | Found a glowing silver altar of Zin.
  5580 | D:5      | Reached XP level 8. HP: 20/67 MP: 3/9
  5679 | D:6      | Gained mutation: Your magical capacity is low. (-10% MP) [mutagenic meat]
  5680 | D:6      | Gained mutation: You expend magic power (3 MP) to strengthen your wands. [mutagenic meat]
  5682 | D:6      | Gained mutation: You can exhale a cloud of poison. [mutagenic meat]
  5683 | D:6      | Gained mutation: You are resistant to hostile enchantments. (MR+) [mutagenic meat]
  5986 | D:6      | Gained mutation: You are weak. (Str -2) [mutagenic meat]
  5987 | D:6      | Gained mutation: Your mind is acute. (Int +2) [mutagenic meat]
  6062 | D:6      | Reached ** piety under Cheibriados
  6113 | D:6      | Reached skill level 12 in Stealth
  6244 | D:6      | Reached XP level 9. HP: 49/76 MP: 10/10
  6441 | D:6      | Reached skill level 5 in Invocations
  6623 | D:7      | Noticed Prince Ribbit
  6644 | D:7      | Killed Prince Ribbit
  6644 | D:7      | Reached skill level 13 in Stealth
  6743 | D:7      | Reached skill level 14 in Stealth
  6809 | D:7      | Noticed Joseph
  6815 | D:7      | Killed Joseph
  6815 | D:7      | Reached skill level 5 in Throwing
  6815 | D:7      | Reached XP level 10. HP: 84/84 MP: 12/12
  6904 | D:7      | Found an iron altar of Okawaru.
  6960 | D:7      | Reached skill level 5 in Short Blades
  6996 | D:7      | Found a flagged portal.
  7006 | Bailey   | Entered a bailey
  7048 | Bailey   | Reached *** piety under Cheibriados
  7109 | Bailey   | HP: 4/84 [orc warrior/glaive (10)]
  7138 | Bailey   | HP: 1/84 [orc warrior/enchanted bardiche (24)]
  7138 | Bailey   | Slain by an orc warrior

Vault maps used:
D:1:      eino_arrival_water_star, corexii_corridor_pit
D:2:      gammafunk_temple_overflow_elements, tso_oasis_becter,
          minmay_misc_feat_room, uniq_natasha
D:3:      kennysheep_slug_shrine
D:4:      uniq_crazy_yiuf_cottage
D:5:      elyvilon_altar_4, grunt_temple_overflow_open, first_bread,
          eino_curves_03
D:7:      overflow_temple_1_default, old_standard_altar,
          lemuel_coloured_pillars_altar, minmay_temple_entry_poolview,
          enter_bailey_3, grunt_livestock, uniq_prince_ribbit1, uniq_joseph
Bailey:   bailey_polearm_5, bailey

Skill      XL: |  1  2  3  4  5  6  7  8  9 10 |
---------------+-------------------------------+-----
Stealth        | 6 7 8 9 10 11 12 14 | 14.2
Dodging        | 1 2 4 |  4.2
Throwing       | 2 5 |  5.0
Invocations    | 2 3 5 |  5.2
Evocations     | 1 4 |  4.0
Short Blades   | 3 6 |  6.0
Fighting       | 3 |  3.2

Action                   |  1- 3 |  4- 6 |  7- 9 | 10-12 || total
-------------------------+-------+-------+-------+-------++-------
Melee: Dagger            |    93 |    98 |   257 |    80 ||   528
 Fire: Blowgun           |       |       |     6 |       ||     6
Throw: Javelin           |       |       |     1 |       ||     1
       Tomahawk          |       |       |     7 |     6 ||    13
       Stone             |       |       |     1 |     4 ||     5
Invok: Bend Time         |       |       |     6 |     3 ||     9
       Temporal Distorti |       |       |       |     1 ||     1
 Abil: Spit Poison       |     2 |     4 |     4 |       ||    10
       Breathe Poison Ga |       |       |     9 |     6 ||    15
  Use: Scroll            |     9 |     3 |     8 |     3 ||    23
       Potion            |       |       |     3 |     3 ||     6
 Stab: Sleeping          |    17 |    24 |    13 |     2 ||    56
       Distracted        |     1 |     2 |     3 |       ||     6
       Invisible         |       |       |       |     6 ||     6
  Eat: Meat ration       |     1 |       |       |       ||     1
       Chunk             |       |     9 |    15 |     1 ||    25
       Bread ration      |       |       |       |     2 ||     2
       Fruit             |       |       |       |     1 ||     1
Armor: Robe              |    16 |    19 |    52 |    25 ||   112
Dodge: Dodged            |    38 |    38 |   179 |   100 ||   355
